AoeStats
← AiM | CyclopsTron

Hideout

503722631Analyzed
4v4 RM · 1mo ago on Sep 2, 2026· 12m 59s· 8 players
Game mode
Random Map
Map size
Large (8 player)
Population
200
Speed
Normal
Resources
Standard
Victory
Conquest
Starting age
Dark Age
Ending age
Imperial Age
RankedLock teamsTeams togetherTeam positionsShared explorationLock speedFull tech treeHidden civsTurbo modeCheats
Victory
Defeat
🇲🇽 Aztecs · Mexico
1605
+11
🇲🇽 Huns · Mexico
1588
+12
🇲🇽 Byzantines · Mexico
1580
+12
🇵🇪 Khmer · Peru
1492
+16
🇺🇸 Vietnamese · United States
1519
-14
🇨🇳 Teutons · China
1512
-14
🇦🇷 Poles · Argentina
1475
-12
🇦🇷 Japanese · Argentina
1448
-11
GirlWonder_
Bass
9:51 Feudal Age
14:15 Castle Age
12:29 Horse Collar
逸丶然
5:39 Loom
9:02 Feudal Age
Hao_Arg
5:40 Loom
8:41 Feudal Age
11:58 Fletching
11:56 Double-Bit Axe
12:56 Horse Collar
AiM | CyclopsTron
8:50 Feudal Age
10:23 Man-at-Arms
11:12 Loom
12:34 Fletching
Crosnay
5:05 Loom
9:50 Feudal Age
10:13 Man-at-Arms
Trebuchet_Andino
10:59 Feudal Age
13:39 Castle Age
11:47 Double-Bit Axe
12:01 Horse Collar
Ux'Cucurella
11:07 Feudal Age
12:36 Double-Bit Axe
14:52 Castle Age
12:49 Horse Collar
Connection lost

Rejoining the realm…

Still unreachable

The connection could not be restored.

Session expired

The server has moved on; the page needs a fresh start.